 Dungeon Crawl Stone Soup version 0.30.1-1-g62c8e00024 (webtiles) character file.

Game seed: 17106916164178481167

291 Gorgoleon the Poker (level 6, -9/47 HPs)
             Began as a Human Gladiator on July 14, 2023.
             Mangled by a wyvern (14 damage)
             ... on level 4 of the Dungeon.
             The game lasted 00:09:37 (2788 turns).

Gorgoleon the Poker (Human Gladiator)               Turns: 2788, Time: 00:09:37

Health: -9/47      AC:  5    Str: 15    XL:     6   Next: 58%
Magic:  6/6        EV: 13    Int: 10    God:
Gold:   207        SH:  0    Dex: 14    Spells: 5/5 levels left

rFire   . . .        a - +0 trident
rCold   . . .        (no shield)
rNeg    . . .        b - +1 leather armour
rPois   .            c - +0 helmet
rElec   .            (no cloak)
rCorr   .            (no gloves)
SInv    .            (no boots)
Will    .....        (no amulet)
Stlth   +            (no ring)
HPRegen 0.27/turn    (no ring)
MPRegen 0.10/turn

%: no passive effects
@: no status effects
A: no striking features
a: no special abilities


You were on level 4 of the Dungeon.
You visited 1 branch of the dungeon, and saw 4 of its levels.

You collected 207 gold pieces.

Inventory:

Hand Weapons
 a - a +0 trident (weapon)
 i - the +9 broad axe of Ru, Leaping {elec, Drain rC+ Will+ Int+6}
   (You found it on level 3 of the Dungeon)

   Int:       It affects your intelligence (+6).
   rC:        It protects you from cold.
   Drain:     It drains your maximum health when unequipped.
   Will:      It increases your willpower.
 l - the +10 arbalest of Lust {flame, rC+}
   (You found it on level 2 of the Dungeon)

   rC:        It protects you from cold.
Missiles
 d - 3 throwing nets (quivered)
 e - a javelin
Armour
 b - a +1 leather armour (worn)
 c - a +0 helmet (worn)
Jewellery
 p - a +4 ring of slaying
Potions
 f - a potion of cancellation {unknown}
 g - 2 potions of brilliance {unknown}
 h - a potion of invisibility {unknown}
 j - 5 potions of curing {unknown}
 k - a potion of heal wounds {unknown}
 m - a potion of haste {unknown}
 n - a potion of lignification {unknown}
 o - a potion of attraction {unknown}
 q - a potion of flight {unknown}
 r - a potion of mutation {unknown}


   Skills:
 + Level 3.2 Fighting
 + Level 5.1 Polearms
 - Level 2.0 Throwing
 + Level 2.3 Armour
 + Level 3.9 Dodging


You had 5 spell levels left.
You didn't know any spells.
Your spell library contained the following spells:

 Spells                   Type           Power      Damage    Failure   Level
 Ensorcelled Hibernation  Hex/Ice        0%         N/A       56%         2
 Hailstorm                Conj/Ice       0%         3d3       80%         3
 Spider Form              Tmut/Pois      0%         N/A       80%         3
 Anguish                  Hex/Necr       0%         N/A       99%         4
 Ice Form                 Ice/Tmut       0%         N/A       99%         4
 Simulacrum               Ice/Necr       0%         N/A       100%        6
 Borgnjor's Revivificati  Necr           0%         N/A       100%        8
 Necromutation            Tmut/Necr      0%         N/A       100%        8
 Death's Door             Necr           0%         N/A       100%        9


Dungeon Overview and Level Annotations

Branches:
Dungeon (4/15)
 Temple: D:4-7

Altars:
Wu Jian


Message History

A wyvern comes into view.
The wyvern hisses angrily.
Reach: a) +0 trident
Press: ? - help, Dir - move target, f - wyvern
Aim: a wyvern (about 40% to evade your +0 trident)
You reach to attack!
You hit the wyvern but do no damage. The wyvern barely misses you.
You closely miss the wyvern. The wyvern closely misses you.
You hit the wyvern.
The wyvern is lightly wounded.
The wyvern barely misses you. The wyvern bites you.
You hit the wyvern.
The wyvern is lightly wounded.
The wyvern barely misses you. The wyvern bites you.
You barely miss the wyvern.
The wyvern is lightly wounded.
The wyvern closely misses you.
You hit the wyvern.
The wyvern is moderately wounded.
The wyvern misses you. The wyvern bites you.
You hit the wyvern.
The wyvern is heavily wounded.
The wyvern bites you! x2
You hit the wyvern.
The wyvern is severely wounded.
The wyvern misses you.
You closely miss the wyvern.
The wyvern is severely wounded.
The wyvern bites you!
* * * LOW HITPOINT WARNING * * *
The wyvern closely misses you.
You closely miss the wyvern.
The wyvern is severely wounded.
The wyvern closely misses you.
You hit the wyvern.
The wyvern is almost dead.
The wyvern bites you!
* * * LOW HITPOINT WARNING * * *
The wyvern bites you!
You die...

## ########
#.#######......#####.
#....................
#..>................
#.......[..........#
#[...............#
##..............#
#......)..@l...#
##†....#####....##
#### #<.†....##
##....# ###..##
##........#
##...###.....##
#.........##
#....#.......##
##..........#
##.............
##..#........#
##............
#..##........#
##.......)...
##.####.......#
#...........


You could see a wyvern.

Vanquished Creatures
  A scorpion (D:4)
  A hound (D:4)
  Crazy Yiuf (D:2)
  Natasha (twice) (D:3)
  An orc wizard (D:3)
  3 adders
  A worm (D:2)
  A dart slug (D:2)
  3 orcs
  8 bats
  4 endoplasms
  A giant cockroach (D:3)
  4 goblins
  4 hobgoblins
  9 jackals
  4 quokkas (D:2)
  7 ball pythons
  6 frilled lizards
  6 kobolds
  3 rats
70 creatures vanquished.

Notes
Turn   | Place    | Note
-------+----------+-------------------------------------------
     0 | D:1      | Gorgoleon the Human Gladiator began the quest for the Orb.
     0 | D:1      | Reached XP level 1. HP: 16/16 MP: 1/1
   164 | D:1      | Reached XP level 2. HP: 22/22 MP: 2/2
   829 | D:2      | Identified the +10 arbalest of Lust {flame, rC+}
   847 | D:2      | Reached XP level 3. HP: 27/27 MP: 3/3
  1067 | D:2      | Found a faded altar of an unknown god.
  1208 | D:2      | Reached XP level 4. HP: 34/34 MP: 4/4
  1212 | D:2      | Reached skill level 1 in Armour
  1475 | D:2      | Found a runed translucent door.
  1476 | D:2      | Noticed Crazy Yiuf
  1486 | D:2      | Killed Crazy Yiuf
  1487 | D:2      | Reached skill level 4 in Polearms
  1783 | D:3      | Reached XP level 5. HP: 34/39 MP: 5/5
  2123 | D:3      | Noticed Natasha
  2125 | D:3      | Found an ornate altar of the Wu Jian Council.
  2137 | D:3      | Killed Natasha
  2349 | D:3      | Identified the +9 broad axe of Ru, Leaping {elec, Drain rC+
                  | Will+ Int+6}
  2376 | D:3      | Noticed Natasha
  2390 | D:3      | Killed Natasha
  2391 | D:3      | Reached XP level 6. HP: 23/47 MP: 6/6
  2667 | D:4      | Reached skill level 5 in Polearms
  2766 | D:4      | Noticed a wyvern
  2788 | D:4      | Mangled by a wyvern

Illustrated notes

Levels and vault maps discovered:
D:1:      saegor_arrival_miasma, layout_loops_cross, kennysheep_boxes
D:2:      minmay_chambers_of_ones, layout_rooms, shapermc_ecumenical_altar_gd,
          lightli_corner_chamber, uniq_crazy_yiuf_cottage
D:3:      layout_rooms, mainiacjoe_overflow_paths, minivault_19, uniq_natasha
D:4:      layout_cave_pods

Skill      XL: |  1  2  3  4  5  6 |
---------------+-------------------+-----
Armour         | 1 2 |  2.3
Polearms       | 4 5 |  5.1
Fighting       | 3 |  3.2
Throwing       | |  2.0
Dodging        | |  3.9

Action                     |  1- 3 |  4- 6 || total
---------------------------+-------+-------++-------
  Melee: Trident           |   118 |   171 ||   289
         Punch             |     1 |     2 ||     3
    Use: Potion            |     1 |       ||     1
         Scroll            |       |     2 ||     2
   Stab: Sleeping          |     1 |     1 ||     2
 Armour: Leather armour    |    23 |    58 ||    81
  Dodge: Dodged            |    52 |   127 ||   179
